 Dungeon Crawl Stone Soup version 0.29.0-4-gdea44cf6ec (webtiles) character file.

Game seed: 13991809289900126384

11332 Renzlar the Blocker (level 11, 89/89 HPs)
             Began as a Gnoll Fighter on Aug 26, 2022.
             Was a High Priest of Okawaru.
             Quit the game on level 11 of the Dungeon.
             The game lasted 00:44:02 (12768 turns).

Renzlar the Blocker (Gnoll Fighter)                Turns: 12768, Time: 00:44:02

Health: 89/89      AC: 20    Str: 26    XL:     11   Next: 76%
Magic:  21/21      EV:  8    Int:  7    God:    Okawaru [*****.]
Gold:   456        SH: 15    Dex: 12    Spells: 23/23 levels left

rFire   . . .      SeeInvis .   c - +0 sling
rCold   . . .      Faith    .   F - +0 tower shield
rNeg    . . .      Spirit   .   j - +0 chain mail
rPois   .          Reflect  .   A - +2 helmet
rElec   .          Harm     .   m - +0 cloak
rCorr   .          Rampage  .   (no gloves)
Will    .....                   (no boots)
Stlth   ..........              (no amulet)
HPRegen 0.24/turn               x - +4 ring of protection
MPRegen 0.17/turn               N - +6 ring of strength

@: no status effects
A: fangs 1, strong nose, distributed training
a: Renounce Religion, Heroism, Finesse, Duel


You were on level 11 of the Dungeon.
You worshipped Okawaru.
Okawaru was extremely pleased with you.
You visited 2 branches of the dungeon, and saw 12 of its levels.

You collected 645 gold pieces.
You spent 189 gold pieces at shops.

Inventory:

Hand Weapons
 a - a +5 scimitar
 c - a +0 sling (weapon)
 d - the +10 spear "Noqes" {vorpal, Will+}
   (You found it on level 5 of the Dungeon)

   It inflicts extra damage upon your enemies.
   Will:      It increases your willpower.
 f - a +1 dagger of flaming
 p - a +1 scimitar of flaming
 t - a +2 vorpal broad axe
 H - a +2 long sword of venom
Missiles
 i - 15 poisoned darts
 o - 12 boomerangs
 q - 4 throwing nets
 C - a curare-tipped dart
Armour
 b - a +0 scale mail
 j - a +0 chain mail (worn)
 m - a +0 cloak (worn)
 z - a +0 kite shield
 A - a +2 helmet (worn)
 D - a +0 buckler
 F - a +0 tower shield (worn)
Jewellery
 l - a ring of protection from fire
 u - a +4 ring of protection
 x - a +4 ring of protection (left hand)
 B - a ring of flight
 N - a +6 ring of strength (right hand)
Wands
 n - a wand of iceblast (3)
 J - a wand of mindburst (5)
Scrolls
 e - 3 scrolls of amnesia
 g - a scroll of magic mapping
 h - a scroll of fear
 k - 3 scrolls of teleportation
 y - 3 scrolls of immolation
 I - a scroll of fog
 K - a scroll of blinking
Potions
 r - 6 potions of curing
 s - 2 potions of mutation
 v - 2 potions of heal wounds {unknown}
 w - 2 potions of flight
 E - a potion of resistance {unknown}
 G - a potion of berserk rage {unknown}
 L - a potion of haste {unknown}
 M - a potion of cancellation {unknown}


   Skills:
 + Level 9.5 Fighting
 + Level 6.8 Short Blades
 + Level 6.8 Long Blades
 + Level 8.3 Axes
 + Level 6.8 Maces & Flails
 + Level 6.8 Polearms
 + Level 6.8 Staves
 + Level 6.8 Ranged Weapons
 + Level 6.8 Throwing
 + Level 9.5 Armour
 + Level 6.8 Dodging
 + Level 6.8 Stealth
 + Level 9.5 Shields
 + Level 6.8 Unarmed Combat
 + Level 6.8 Spellcasting
 + Level 5.6 Conjurations
 + Level 5.6 Hexes
 + Level 5.6 Summonings
 + Level 5.6 Necromancy
 + Level 5.6 Translocations
 + Level 5.6 Transmutations
 + Level 5.6 Fire Magic
 + Level 5.6 Ice Magic
 + Level 5.6 Air Magic
 + Level 5.6 Earth Magic
 + Level 5.6 Poison Magic
 + Level 7.5 Invocations
 + Level 6.8 Evocations


You had 23 spell levels left.
You didn't know any spells.
Your spell library contained the following spells:

 Spells                   Type           Power      Damage    Failure   Level
 Foxfire                  Conj/Fire      40%        2x1d6     58%         1
 Conjure Flame            Conj/Fire      10%        6-21      91%         3
 Inner Flame              Hex/Fire       10%        N/A       91%         3
 Ozocubu's Armour         Ice            10%        N/A       91%         3
 Portal Projectile        Hex/Tloc       20%        N/A       91%         3
 Flame Wave               Conj/Fire      10%        2d6       100%        4
 Blade Hands              Tmut           5%         N/A       100%        5
 Ozocubu's Refrigeration  Ice            5%         4d8       100%        7
 Summon Small Mammal      Summ           Unusable   N/A       N/A         1
 Call Canine Familiar     Summ           Unusable   N/A       N/A         3
 Summon Guardian Golem    Hex/Summ       Unusable   N/A       N/A         3
 Tukima's Dance           Hex            Unusable   N/A       N/A         3

Dungeon Overview and Level Annotations

Branches:
Dungeon (11/15)            Temple (1/1) D:5            Lair (0/5) D:10
    Orc (0/2) D:9

Altars:
Cheibriados
Dithmenos
Elyvilon
Fedhas
Gozag
Hepliaklqana
Kikubaaqudgha
Makhleb
Nemelex Xobeh
Okawaru
Qazlal
Ru
Sif Muna
Trog
Uskayaw
Vehumet
Wu Jian
Xom
Zin

Shops:
D:1 (   D:3 *   D:5 (   D:9 ([

Annotations:
D:6 3 runed translucent doors, pesado's ghost, novice DrCj
Temple 2 transporters


Innate Abilities, Weirdness & Mutations

You have very sharp teeth.
Your uncanny sense of smell can sniff out nearby items.
Your experience applies equally to all skills.


Message History

You slash the acid dragon! Your bite misses the acid dragon.
The acid dragon is almost dead.
You block the acid dragon's attack.
The acid dragon claws you but does no damage.
You hit the acid dragon but do no damage.
The acid dragon is almost dead.
The acid dragon bites you. You block the acid dragon's attack. x2
The acid dragon claws you but does no damage.
You hit the acid dragon but do no damage.
The acid dragon is almost dead.
You block the acid dragon's attack.
The acid dragon claws you but does no damage.
You slash the acid dragon!
You kill the acid dragon!
Okawaru accepts your kill.
The acid dragon scales are intact enough to wear.
c - a +0 sling (weapon)
You are no longer corroded.
Things that are here:
+0 acid dragon scales; an acid dragon corpse You now have 456 gold pieces (gained 13).
Things that are here:
+0 acid dragon scales; an acid dragon corpse
There is an open door here.
M - a silvery potion
s - 2 potions of mutation (gained 1)
You open the door.
There is an open door here.
Found a robe.
Found a dagger.
N - a +6 ring of strength You remove your +4 ring of protection.
You feel stronger.
N - a +6 ring of strength (right hand)
You are already wielding that!
Saving game... please wait.
Welcome back, Renzlar the Gnoll Fighter.
Okawaru says: Bring me glory in combat!
Press ? for a list of commands and other information.
Are you sure you want to abandon this character and quit the game? (Confirm with "yes".)

###### #....#
#.)..#....#
#....#....#
#....#....#
#@.[.#....#
#....#....#
#....#....#
#....#....# .. ..
#....#....# .....
#....###..####'###
#......#..........
#......#..........
#......'..........


There were no monsters in sight!

Vanquished Creatures
  Erica (D:8)
  3 two-headed ogres
  A tengu warrior (D:11)
  Nergalle (D:10)
  Amaemon (D:10)
  An orange demon (D:9)
  Maggie (D:9)
  A troll (D:10)
  A shadow (D:10)
  Sigmund (D:4)
  A wyvern (D:9)
  6 yaks (D:9)
  A steam dragon (D:10)
  Menkaure (D:5)
  A water moccasin (D:9)
  4 acid dragons
  3 sky beasts
  An ice beast (D:6)
  An ogre (D:5)
  4 orc warriors
  A black bear (D:8)
  2 centaurs
  A phantom (D:6)
  2 kobold brigands
  7 bullfrogs
  2 gnoll sergeants
  3 scorpions
  12 wights
  9 killer bees
  3 howler monkeys (D:9)
  11 hounds
  2 orc priests
  2 gnoll boudas (D:5)
  2 jellies
  An iguana (D:4)
  8 orc wizards
  10 adders
  26 gnolls
  A shadow imp (D:5)
  3 white imps
  2 ufetubi
  A worm (D:2)
  2 dart slugs
  30 orcs
  14 ball pythons
  2 endoplasms
  5 giant cockroaches
  11 goblins
  8 hobgoblins
  3 jackals
  2 quokkas
  5 bats
  4 frilled lizards
  10 kobolds
  4 rats
246 creatures vanquished.

Vanquished Creatures (others)
  A fungus (D:10)
  3 plants (D:8)
4 creatures vanquished.

Grand Total: 250 creatures vanquished

Notes
Turn   | Place    | Note
-------+----------+-------------------------------------------
     0 | D:1      | Renzlar the Gnoll Fighter began the quest for the Orb.
     0 | D:1      | Reached XP level 1. HP: 23/23 MP: 1/1
   102 | D:1      | Found Zahiv's Antique Weapon Shoppe.
   152 | D:1      | Reached XP level 2. HP: 26/29 MP: 2/2
   429 | D:1      | Found a faded altar of an unknown god.
   910 | D:2      | Reached XP level 3. HP: 35/35 MP: 3/3
  1059 | D:2      | Reached skill level 1 in Invocations
  1135 | D:2      | Reached skill level 1 in Short Blades
  1135 | D:2      | Reached skill level 1 in Long Blades
  1135 | D:2      | Reached skill level 1 in Maces & Flails
  1135 | D:2      | Reached skill level 1 in Polearms
  1135 | D:2      | Reached skill level 1 in Staves
  1135 | D:2      | Reached skill level 1 in Ranged Weapons
  1135 | D:2      | Reached skill level 1 in Throwing
  1135 | D:2      | Reached skill level 1 in Dodging
  1135 | D:2      | Reached skill level 1 in Stealth
  1135 | D:2      | Reached skill level 1 in Unarmed Combat
  1135 | D:2      | Reached skill level 1 in Spellcasting
  1135 | D:2      | Reached skill level 1 in Evocations
  1135 | D:2      | Found a sacrificial altar of Ru.
  1554 | D:3      | Found Budoeh's General Store.
  1579 | D:3      | Reached XP level 4. HP: 41/41 MP: 5/5
  1596 | D:3      | Reached skill level 1 in Conjurations
  1596 | D:3      | Reached skill level 1 in Hexes
  1596 | D:3      | Reached skill level 1 in Summonings
  1596 | D:3      | Reached skill level 1 in Necromancy
  1596 | D:3      | Reached skill level 1 in Translocations
  1596 | D:3      | Reached skill level 1 in Transmutations
  1596 | D:3      | Reached skill level 1 in Fire Magic
  1596 | D:3      | Reached skill level 1 in Ice Magic
  1596 | D:3      | Reached skill level 1 in Air Magic
  1596 | D:3      | Reached skill level 1 in Earth Magic
  1596 | D:3      | Reached skill level 1 in Poison Magic
  1613 | D:3      | Reached XP level 5. HP: 35/47 MP: 5/7
  2051 | D:3      | Found a shadowy altar of Dithmenos.
  2823 | D:4      | Noticed Sigmund
  2849 | D:4      | Killed Sigmund
  2850 | D:4      | Reached skill level 5 in Axes
  2850 | D:4      | Reached XP level 6. HP: 9/53 MP: 7/9
  3328 | D:5      | Entered Level 5 of the Dungeon
  3479 | D:4      | Reached XP level 7. HP: 59/60 MP: 10/10
  3557 | D:5      | Found Lymm's Weapon Shoppe.
  3703 | D:5      | Noticed Menkaure
  3709 | D:5      | Killed Menkaure
  4125 | D:5      | Identified the +10 spear "Noqes" {vorpal, Will+}
  4190 | D:5      | Found a staircase to the Ecumenical Temple.
  4200 | Temple   | Entered the Ecumenical Temple
  4200 | Temple   | Found a transporter.
  4200 | Temple   | Found a transporter.
  4202 | Temple   | Found a transporter.
  4202 | Temple   | Found a transporter.
  4221 | Temple   | Became a worshipper of Warmaster Okawaru
  4328 | D:5      | Found a stormy altar of Qazlal.
  4528 | D:5      | Reached XP level 8. HP: 67/67 MP: 12/12
  5291 | D:1      | Bought a runed broad axe for 189 gold pieces
  5694 | D:6      | Reached * piety under Okawaru
  5758 | D:6      | Noticed a two-headed ogre
  5759 | D:6      | Found a runed translucent gate.
  5759 | D:6      | Noticed pesado's ghost (novice DrCj)
  5760 | D:6      | Found a runed translucent gate.
  5761 | D:6      | Found a runed translucent gate.
  5940 | D:6      | Reached XP level 9. HP: 73/73 MP: 14/14
  6660 | D:7      | Found a radiant altar of Vehumet.
  6801 | D:7      | Reached ** piety under Okawaru
  6854 | D:7      | Found a burning altar of Makhleb.
  7151 | D:7      | You fall into a shaft and drop 3 floors!
  7151 | D:10     | Entered Level 10 of the Dungeon
  7157 | D:9      | Noticed Amaemon
  7157 | D:9      | Noticed an orange demon
  7177 | D:10     | Killed Amaemon
  7178 | D:10     | Reached skill level 5 in Invocations
  7493 | D:9      | Killed an orange demon
  7494 | D:9      | Found Vocomiw's Weapon Emporium.
  7495 | D:9      | Found a staircase to the Orcish Mines.
  7495 | D:9      | Noticed a two-headed ogre
  7505 | D:9      | Killed a two-headed ogre
  7505 | D:9      | Reached *** piety under Okawaru
  7505 | D:9      | Received a gift from Okawaru
  7506 | D:9      | Reached skill level 5 in Short Blades
  7506 | D:9      | Reached skill level 5 in Long Blades
  7506 | D:9      | Reached skill level 5 in Maces & Flails
  7506 | D:9      | Reached skill level 5 in Polearms
  7506 | D:9      | Reached skill level 5 in Staves
  7506 | D:9      | Reached skill level 5 in Ranged Weapons
  7506 | D:9      | Reached skill level 5 in Throwing
  7506 | D:9      | Reached skill level 5 in Dodging
  7506 | D:9      | Reached skill level 5 in Stealth
  7506 | D:9      | Reached skill level 5 in Unarmed Combat
  7506 | D:9      | Reached skill level 5 in Spellcasting
  7506 | D:9      | Reached skill level 5 in Evocations
  7506 | D:9      | Reached XP level 10. HP: 72/82 MP: 17/17
  7513 | D:9      | Found Xutti's Armour Emporium.
  7616 | D:9      | Noticed a two-headed ogre
  7814 | D:9      | Killed a two-headed ogre
  7988 | D:9      | Reached **** piety under Okawaru
  8392 | D:9      | Noticed Maggie
  8403 | D:9      | Killed Maggie
  8559 | D:8      | Noticed Erica
  8715 | D:9      | Reached skill level 5 in Conjurations
  8715 | D:9      | Reached skill level 5 in Hexes
  8715 | D:9      | Reached skill level 5 in Summonings
  8715 | D:9      | Reached skill level 5 in Necromancy
  8715 | D:9      | Reached skill level 5 in Translocations
  8715 | D:9      | Reached skill level 5 in Transmutations
  8715 | D:9      | Reached skill level 5 in Fire Magic
  8715 | D:9      | Reached skill level 5 in Ice Magic
  8715 | D:9      | Reached skill level 5 in Air Magic
  8715 | D:9      | Reached skill level 5 in Earth Magic
  8715 | D:9      | Reached skill level 5 in Poison Magic
  8723 | D:9      | Reached XP level 11. HP: 43/89 MP: 20/20
  8933 | D:8      | Killed Erica
  8990 | D:8      | Reached ***** piety under Okawaru
  9195 | D:8      | Received a gift from Okawaru
  9603 | D:7      | Found a hide-covered altar of Uskayaw.
  9836 | D:8      | Found a blossoming altar of Fedhas.
 10257 | D:8      | Found a shimmering altar of Xom.
 10494 | D:10     | Noticed Nergalle
 10517 | D:10     | Killed Nergalle
 10626 | D:10     | Found an opulent altar of Gozag.
 10672 | D:10     | Found a white marble altar of Elyvilon.
 11026 | D:10     | Noticed a two-headed ogre
 11032 | D:10     | Killed a two-headed ogre
 11032 | D:10     | Received a gift from Okawaru
 11340 | D:10     | Found a staircase to the Lair.
 12227 | D:11     | Noticed a tengu warrior
 12250 | D:11     | Killed a tengu warrior
 12768 | D:11     | Upgraded the game from 0.29.0-3-gbb0933ed62 to
                  | 0.29.0-4-gdea44cf6ec
 12768 | D:11     | Quit the game

Illustrated notes

Levels and vault maps discovered:
D:1:      eino_arrival_cavern_e, layout_loops_ring, basic_ecumenical_altar,
          serial_shops, nicolae_shop_waterfront
D:2:      layout_rooms, basic_altar
D:3:      layout_loops_cross, mainiacjoe_overflow_six_doors_small, serial_shops,
          nicolae_diamond_shop, grunt_ministairs_10
D:4:      layout_loops_ring, uniq_sigmund
D:5:      layout_cave_pools, overflow_temple_1_default, temple_hall,
          serial_gnoll_camp, gnoll_camp_mini_shop, gnoll_camp_mini_hut,
          gnoll_camp_medium_02, gnoll_camp_mini_doghouse, uniq_menkaure
D:6:      layout_loops_cross, gammafunk_ghost_split
D:7:      layout_cave_pods, mainiacjoe_overflow_surrounded_room,
          overflow_temple_1_default, mainiacjoe_overflow_alcove_1
D:8:      layout_loops_cross, fedhas_ov_isle_minmay, tgw_xom, uniq_erica
D:9:      layout_irregular_city, gammafunk_temple_overflow_arena,
          yredelemnul_altar_generic, orc_david_3, uniq_gastronok, uniq_maggie,
          uniq_amaemon
D:10:     layout_stronghold, grunt_gozag_breadcrumbs,
          mainiacjoe_overflow_24_doors, grunt_lair_entry_orc_guard_hut,
          uniq_nergalle
D:11:     layout_grid_maze
Temple:   hellmonk_temple_divided_pantheon

Skill      XL: |  1  2  3  4  5  6  7  8  9 10 11 |
---------------+----------------------------------+-----
Invocations    | 1 2 3 4 5 6 7 |  7.5
Short Blades   | 1 2 3 5 6 |  6.8
Long Blades    | 1 2 3 5 6 |  6.8
Maces & Flails | 1 2 3 5 6 |  6.8
Polearms       | 1 2 3 5 6 |  6.8
Staves         | 1 2 3 5 6 |  6.8
Ranged Weapons | 1 2 3 5 6 |  6.8
Throwing       | 1 2 3 5 6 |  6.8
Dodging        | 1 2 3 5 6 |  6.8
Stealth        | 1 2 3 5 6 |  6.8
Unarmed Combat | 1 2 3 5 6 |  6.8
Spellcasting   | 1 2 3 5 6 |  6.8
Evocations     | 1 2 3 5 6 |  6.8
Conjurations   | 1 2 3 4 5 |  5.6
Hexes          | 1 2 3 4 5 |  5.6
Summonings     | 1 2 3 4 5 |  5.6
Necromancy     | 1 2 3 4 5 |  5.6
Translocations | 1 2 3 4 5 |  5.6
Transmutations | 1 2 3 4 5 |  5.6
Fire Magic     | 1 2 3 4 5 |  5.6
Ice Magic      | 1 2 3 4 5 |  5.6
Air Magic      | 1 2 3 4 5 |  5.6
Earth Magic    | 1 2 3 4 5 |  5.6
Poison Magic   | 1 2 3 4 5 |  5.6
Axes           | 5 6 7 8 |  8.3
Fighting       | 7 8 9 |  9.5
Armour         | 7 8 9 |  9.5
Shields        | 7 8 9 |  9.5

Action                   |  1- 3 |  4- 6 |  7- 9 | 10-12 || total
-------------------------+-------+-------+-------+-------++-------
Melee: War axe           |   110 |   127 |   133 |    31 ||   401
       Bite              |     4 |     7 |    27 |    41 ||    79
       Broad axe         |       |       |   169 |   208 ||   377
       Spear             |       |       |     9 |       ||     9
       Long sword        |       |       |       |    57 ||    57
       Scimitar          |       |       |       |    24 ||    24
 Fire: Sling             |       |       |    20 |    53 ||    73
Throw: Boomerang         |       |     2 |    25 |     1 ||    28
       Dart              |       |       |     3 |     8 ||    11
Invok: Heroism           |       |       |     2 |     4 ||     6
Evoke: Wand              |       |       |       |     3 ||     3
  Use: Scroll            |     5 |     7 |     8 |     3 ||    23
       Potion            |       |       |     2 |       ||     2
Armor: Scale mail        |    32 |       |       |       ||    32
       Chain mail        |    12 |    67 |   245 |   224 ||   548
Dodge: Dodged            |    46 |    41 |   148 |   136 ||   371
Block: Buckler           |    31 |    22 |    97 |    35 ||   185
       Tower shield      |       |       |       |   236 ||   236
